 Dungeon Crawl Stone Soup version 0.31-a0-1-g4198be8af4 (webtiles) character file.

Game seed: 11314133539966104602

2284 BubbleThief the Firebug (level 9, -5/75 HPs)
             Began as a Naga Cinder Acolyte on May 1, 2023.
             Was a High Priest of Ignis.
             Slain by an orc warrior
             ... wielding a +0 glaive
              (7 damage)
             ... in a bailey.
             The game lasted 00:11:06 (6343 turns).

BubbleThief the Firebug (Naga Cinder Acolyte)       Turns: 6343, Time: 00:11:06

Health: -5/75      AC: 14    Str: 20    XL:     9   Next: 39%
Magic:  3/18       EV:  9    Int: 18    God:    Ignis [*****.]
Gold:   189        SH:  0    Dex:  7    Spells: 10/20 levels left

rFire   + . .        y - +3 whip (elec)
rCold   . . .        (no shield)
rNeg    . . .        b - +0 robe
rPois   +            B - +0 helmet
rElec   .            c - +0 cloak
rCorr   .            x - +0 pair of gloves {Str+3}
SInv    +            (no barding)
Will    +....        (no amulet)
Stlth   +            (no ring)
HPRegen 0.32/turn    (no ring)
MPRegen 0.16/turn

%: no passive effects
@: short of breath, fiery-armoured, invisible, very slow
A: AC +3, large, see invisible, deformed body, poison resistance, slowness 2,
spit poison 1, naga tail 1
a: Spit Poison, Renounce Religion, Fiery Armour, Foxfire Swarm, Rising Flame


You were in a bailey.
You worshipped Ignis.
Ignis was extremely pleased with you.
You visited 1 branch of the dungeon, and saw 7 of its levels.
You also visited: Bailey.

You collected 327 gold pieces.
You spent 138 gold pieces at shops.

Inventory:

Hand Weapons
 y - a +3 whip of electrocution (weapon)
 C - a +1 whip of flaming
Missiles
 a - a throwing net
Armour
 b - a +0 robe (worn)
 c - a +0 cloak (worn)
 x - a +0 pair of gloves of strength (worn)
 B - a +0 helmet (worn)
Magical Staves
 z - a staff of conjuration
Wands
 t - a wand of flame (27)
Scrolls
 g - a scroll of teleportation
 j - a scroll of identify
 n - a scroll of poison
 v - a scroll of amnesia
Potions
 d - 3 potions of brilliance
 e - 2 potions of curing
 f - 4 potions of attraction
 h - a potion of resistance {unknown}
 i - 2 potions of invisibility
 k - 2 potions of haste
 l - a potion of cancellation {unknown}
 m - a potion of magic {unknown}
 o - 2 potions of heal wounds {unknown}
 p - a potion of might {unknown}
 q - a potion of mutation {unknown}
 s - a potion of berserk rage {unknown}
 w - 2 potions of lignification
 D - a potion of flight {unknown}


   Skills:
 - Level 3.1 Fighting
 - Level 3.1 Maces & Flails
 + Level 6.2 Spellcasting
 * Level 7.3 Conjurations
 + Level 7.4 Fire Magic


You had 10 spell levels left.
You knew the following spells:

 Your Spells              Type           Power      Damage    Failure   Level
a - Scorch                Fire           64%        2d8       1%          2
b - Flame Wave            Conj/Fire      32%        2d9       5%          4
c - Sticky Flame          Conj/Fire      32%        2d5       5%          4

Your spell library contained the following spells:

 Spells                   Type           Power      Damage    Failure   Level
 Foxfire                  Conj/Fire      100%       2x1d9     1%          1
 Inner Flame              Hex/Fire       19%        N/A       8%          3
 Fireball                 Conj/Fire      16%        3d8       16%         5
 Portal Projectile        Hex/Tloc       10%        N/A       34%         3
 Tukima's Dance           Hex            5%         N/A       34%         3
 Starburst                Conj/Fire      16%        6d6       65%         6
 Blade Hands              Tmut           2%         N/A       97%         5
 Plasma Beam              Fire/Air       9%         2x1d22    98%         6


Dungeon Overview and Level Annotations

Branches:
Dungeon (7/15)             Temple (0/1) D:5          Bailey (1/1)

Altars:
Fedhas
Makhleb
Wu Jian
Zin

Shops:
D:2 *


Innate Abilities, Weirdness & Mutations

Your serpentine skin is tough. (AC +3)
You have supernaturally acute eyesight. (SInv)
Armour fits poorly on your strangely shaped body.
Your system is resistant to poisons. (rPois)
You cover ground very slowly.
You can spit poison.
You have a snake-like lower body.


Message History

The orc warrior's fire resistance burns away.
The orc hits you with a +0 halberd.
* * * LOW HITPOINT WARNING * * *
The orc warrior barely misses you.
Casting: Scorch (safe; 1% risk of failure)
Confirm with . or Enter, or press ? or * to list all spells.
Flames lash the orc but do no damage.
The orc hits you with a +0 halberd!
* * * LOW HITPOINT WARNING * * *
The orc is burned by your cloak of flames.
You kill the orc!
The orc warrior hits you but does no damage.
Unknown command.
Casting: Scorch (safe; 1% risk of failure)
Confirm with . or Enter, or press ? or * to list all spells.
You don't have enough magic to cast this spell.
Unknown command.
Okay, then.
The orc warrior closely misses you.
Things that are here:
a +0 spear; a +0 scale mail Unknown command.
You whack the orc warrior!
The orc warrior is heavily wounded.
The orc warrior is no longer more vulnerable to fire.
The orc warrior barely misses you. The orc warrior misses you.
An orc warrior comes into view. It is wielding a +0 halberd.
Your magical contamination has completely faded away.
Aiming: Spit Poison (1% risk of failure)
Press: ? - help, Shift-Dir - straight line, f - orc warrior
Aim: an orc warrior, wielding a +0 glaive and wearing a +0 scale mail (heavily wounded, 55% to hit)
The splash of poison misses the orc warrior.
The orc warrior shouts!
The orc warrior completely misses you.
The orc warrior hits you with a +0 glaive!
* * * LOW HITPOINT WARNING * * *
Okay, then.
You fade into invisibility!
The orc warrior closely misses you.
The orc warrior hits you with a +0 glaive!
You die...

#...#
#...#
###'###
##.....##
#.......#
#..#8#..#
#..#.#..#
#.......#
#....@o.#
##..o..##
##'''##
#.....#
#.....#
#.....#
#..o..#
#..)..#
##')'##


You could see 3 orc warriors.

Vanquished Creatures
  2 water moccasins (D:7)
  Duvessa (D:4)
  3 orc warriors (Bailey)
  2 sky beasts
  2 black bears
  An ice beast (D:5)
  4 ogres
  A centaur (D:6)
  2 phantoms
  2 scorpions
  Dowan (D:4)
  A howler monkey (D:5)
  A hound (D:5)
  A jelly (D:6)
  An orc priest (D:4)
  Jessica (D:3)
  3 iguanas
  3 orc wizards
  4 adders
  3 gnolls (D:5)
  2 shadow imps (D:5)
  A white imp (D:7)
  2 dart slugs
  38 orcs
  4 endoplasms
  7 goblins
  3 hobgoblins
  2 jackals (D:5)
  8 kobolds
  2 quokkas
  A ball python (D:2)
  7 bats
  3 frilled lizards
  9 rats
128 creatures vanquished.

Notes
Turn   | Place    | Note
-------+----------+-------------------------------------------
     0 | D:1      | BubbleThief the Naga Cinder Acolyte began the quest for the
                  | Orb.
     0 | D:1      | Reached XP level 1. HP: 21/21 MP: 2/2
    48 | D:1      | Reached XP level 2. HP: 28/28 MP: 3/3
    51 | D:1      | Learned a level 2 spell: Scorch
   405 | D:1      | Reached XP level 3. HP: 30/34 MP: 5/5
   694 | D:2      | Found Dejasi's General Store.
  1432 | D:2      | Found a glowing silver altar of Zin.
  1606 | D:3      | Noticed Jessica
  1608 | D:3      | Killed Jessica
  1609 | D:3      | Reached XP level 4. HP: 42/42 MP: 4/7
  1685 | D:3      | Learned a level 4 spell: Flame Wave
  1744 | D:3      | Reached XP level 5. HP: 49/49 MP: 1/9
  1971 | D:3      | Reached skill level 1 in Conjurations
  2166 | D:4      | Noticed an ogre
  2175 | D:4      | Killed an ogre
  2301 | D:4      | Noticed Dowan
  2302 | D:4      | Noticed Duvessa
  2316 | D:4      | Killed Duvessa
  2317 | D:4      | Reached XP level 6. HP: 41/56 MP: 1/11
  2320 | D:4      | Killed Dowan
  2321 | D:4      | Reached skill level 5 in Fire Magic
  2462 | D:4      | Noticed a black bear
  2467 | D:4      | Killed a black bear
  2468 | D:4      | Reached XP level 7. HP: 62/62 MP: 7/12
  3000 | D:2      | Bought a +0 pair of gloves of strength for 138 gold pieces
  3038 | D:5      | Entered Level 5 of the Dungeon
  3056 | D:5      | Found Hamicun's General Store.
  3183 | D:5      | Found a staircase to the Ecumenical Temple.
  3563 | D:5      | Found an ornate altar of the Wu Jian Council.
  3581 | D:5      | Reached XP level 8. HP: 56/69 MP: 3/15
  4093 | D:5      | Reached skill level 5 in Spellcasting
  4297 | D:5      | Found a blossoming altar of Fedhas.
  4302 | D:5      | Found a burning altar of Makhleb.
  4687 | D:6      | Reached skill level 5 in Conjurations
  5005 | D:6      | Learned a level 4 spell: Sticky Flame
  5829 | D:7      | Reached XP level 9. HP: 71/75 MP: 5/17
  5960 | D:7      | Found a flagged portal.
  5970 | Bailey   | Entered a bailey
  6342 | Bailey   | HP: 1/75 [orc warrior/+0 glaive (7)]
  6343 | Bailey   | Slain by an orc warrior

Illustrated notes

Levels and vault maps discovered:
D:1:      psy_arrival_basics, layout_rooms, bh_walls_and_bars
D:2:      layout_loops_corners, basic_altar, serial_shops, shop_statue
D:3:      layout_rooms, uniq_jessica
D:4:      layout_rooms, uniq_duvessa
D:5:      layout_loops_corners, minitemple, temple_fountains, serial_shops,
          nicolae_shop_tiny_statue_garden
D:6:      layout_gridville, eino_small_chamber_without_monster
D:7:      layout_cave_pools, enter_bailey_6
Bailey:   bailey_polearm_5, bailey

Skill      XL: |  1  2  3  4  5  6  7  8  9 |
---------------+----------------------------+-----
Spellcasting   | 2 3 4 5 6 |  6.2
Fire Magic     | 4 5 6 7 |  7.4
Conjurations   | 2 4 6 7 |  7.3
Fighting       | |  3.1
Maces & Flails | |  3.1

Action                     |  1- 3 |  4- 6 |  7- 9 || total
---------------------------+-------+-------+-------++-------
  Melee: Mace              |    19 |    17 |     3 ||    39
         Punch             |     1 |       |     3 ||     4
         Whip              |       |       |    40 ||    40
   Cast: Scorch            |    16 |    21 |   100 ||   137
         Sticky Flame      |       |       |     3 ||     3
         Flame Wave        |       |       |     1 ||     1
 Invoke: Fiery Armour      |       |       |     1 ||     1
Ability: Spit Poison       |    27 |    16 |    33 ||    76
    Use: Scroll            |       |       |    15 ||    15
         Potion            |       |       |     1 ||     1
 Armour: Robe              |     8 |     7 |    39 ||    54
  Dodge: Dodged            |    26 |    13 |    81 ||   120

Table legend: (Time is in decaauts)
 A = Elapsed time spent in this place.
 B = Non-inter-level travel time spent in this place.
 C = Inter-level travel time spent in this place.
 D = Time resting spent in this place.
 E = Time spent auto-exploring this place.
 F = Levels seen in this place.
 G = Mean time per level.
                   A        B        C        D        E       F      G
               +--------+--------+--------+--------+--------+-----+--------+
         Total |   7780 |   7411 |    369 |    440 |   5948 |   8 |  972.5 |
       Dungeon |   7374 |   7005 |    369 |    222 |   5908 |   7 | 1053.4 |
        Bailey |    406 |    406 |      0 |    218 |     40 |   1 |  406.0 |
               +--------+--------+--------+--------+--------+-----+--------+

Top non-repeatable levels by time:
     D:6: 1751 daAuts
     D:5: 1609 daAuts
     D:2: 1461 daAuts
     D:4: 993 daAuts
     D:1: 758 daAuts
     D:3: 617 daAuts
  Bailey: 406 daAuts
     D:7: 182 daAuts
